 Dungeon Crawl Stone Soup version 0.31.0-12-g77e489cdc1 (webtiles) character file.

Game seed: 5891567718586893804

763 Silvore the Chopper (level 7, -3/61 HPs)
             Began as a Minotaur Fighter on Feb 19, 2024.
             Was an Initiate of Okawaru.
             Slain by a gnoll
             ... wielding a +0 halberd
             ... led by a gnoll bouda
              (5 damage)
             ... on level 4 of the Dungeon.
             The game lasted 00:05:53 (4155 turns).

Silvore the Chopper (Minotaur Fighter)              Turns: 4155, Time: 00:05:53

Health: -3/61      AC: 10    Str: 23    XL:     7   Next: 51%
Magic:  0/6        EV:  8    Int:  5    God:    Okawaru [......]
Gold:   145        SH:  4    Dex:  9    Spells: 6/6 levels left

rFire   . . .        a - +0 war axe
rCold   . . .        c - +0 buckler
rNeg    . . .        f - +1 chain mail
rPois   .            (helmet restricted)
rElec   .            (no cloak)
rCorr   .            (no gloves)
SInv    .            (no boots)
Will    .....        p - amulet of guardian spirit Stlth
                     (no ring)
HPRegen 0.30/turn    (no ring)
MPRegen 0.10/turn

%: guardian spirit
@: mighty, weakened
A: horns 2, retaliatory headbutt
a: Renounce Religion


You were on level 4 of the Dungeon.
You worshipped Okawaru.
Okawaru was noncommittal.
You visited 2 branches of the dungeon, and saw 5 of its levels.

You collected 145 gold pieces.

Inventory:

Hand Weapons
 a - a +0 war axe (weapon)
Armour
 b - a +0 scale mail
 c - a +0 buckler (worn)
 f - a +1 chain mail (worn)
Jewellery
 p - an amulet of guardian spirit (around neck)
Wands
 m - a wand of mindburst (8)
 r - a wand of paralysis (16)
 s - a wand of quicksilver (12)
Scrolls
 j - a scroll of immolation
 o - a scroll of acquirement {unknown}
 t - a scroll of enchant armour
 u - a scroll of identify
Potions
 e - a potion of magic
 g - a potion of heal wounds
 h - a potion of ambrosia
 i - a potion of attraction {unknown}
 k - a potion of haste {unknown}
 l - a potion of curing {unknown}
 n - a potion of invisibility {unknown}
 q - a potion of cancellation {unknown}


   Skills:
 + Level 5.3 Fighting
 + Level 7.7 Axes
 + Level 5.3 Armour
 + Level 1.2 Dodging
 + Level 5.0 Shields


You had 6 spell levels left.
You didn't know any spells.
Your spell library was empty.

Dungeon Overview and Level Annotations

Branches:
Dungeon (4/15)             Temple (1/1) D:4

Altars:
Ashenzari
Cheibriados
Elyvilon
Fedhas
Gozag
Hepliaklqana
Kikubaaqudgha
Makhleb
Nemelex Xobeh
Okawaru
Ru
Sif Muna
Trog
Wu Jian
Xom
Zin

Shops:
D:2 *


Innate Abilities, Weirdness & Mutations

You have a pair of horns on your head.
You reflexively headbutt those who attack you in melee.


Message History

The gnoll bouda calls upon its god to heal the gnoll.
The gnoll is healed somewhat.
The gnoll closely misses you.
You slash the gnoll bouda!
The gnoll bouda is almost dead.
The gnoll hits you from afar with a +0 halberd!
* * * LOW HITPOINT WARNING * * *
The gnoll bouda hits you with a +0 club.
* * * LOW HITPOINT WARNING * * *
You barely miss the gnoll bouda.
The gnoll bouda is almost dead.
The gnoll completely misses you.
The gnoll bouda hits you but does no damage.
You barely miss the gnoll bouda.
The gnoll bouda is almost dead.
The gnoll hits you from afar with a +0 halberd.
* * * LOW HITPOINT WARNING * * *
The gnoll bouda gazes fiercely through you!
You feel as though you will be weak longer.
You block the gnoll bouda's attack.
You feel very mighty all of a sudden.
The gnoll hits you from afar with a +0 halberd.
* * * LOW HITPOINT WARNING * * *
The gnoll bouda hits you but does no damage.
You slash the gnoll bouda!
You kill the gnoll bouda!
Okawaru accepts your kill.
The gnoll hits you from afar with a +0 halberd.
* * * LOW HITPOINT WARNING * * *
The gnoll hits you with a +0 halberd.
* * * LOW HITPOINT WARNING * * *
Items here: )) [ †.
You hit the gnoll.
The gnoll is heavily wounded.
The gnoll closely misses you. You furiously retaliate!
You headbutt the gnoll. The gnoll barely misses you.
You barely miss the gnoll. Your headbutt misses the gnoll.
The gnoll is severely wounded.
The gnoll hits you with a +0 halberd.
You die...

#.# #.# #.# #.# #.###### #.#
#.##...# #†# #.##...# #.# ###
#.##...#### #.## ..# #.#.......#
##.## ..# #####.#....##<# #....
..# ##...@g..####### #....
..##########...###)..............
........#....###.#.##############
............###[##...........># #
.(......#..##...#.............###
........#...#...##........†......
#####...#..#..⌠.##)..........)###
#.....##_⌠.....##########†##
#......#..⌠.##.##..........#


You could see a gnoll (swift).

Vanquished Creatures
  A black bear (D:4)
  A brain worm (D:4)
  2 scorpions (D:4)
  A gnoll bouda (D:4)
  A bombardier beetle (D:4)
  2 orc priests
  Jessica (D:2)
  2 iguanas (D:4)
  Ijyb (D:4)
  An orc wizard (D:4)
  5 gnolls
  6 adders
  4 dart slugs
  2 ribbon worms
  9 orcs
  12 ball pythons
  6 bats
  10 endoplasms
  6 giant cockroaches
  6 goblins
  7 hobgoblins
  10 jackals
  7 quokkas
  5 frilled lizards
  10 kobolds
  10 rats
128 creatures vanquished.

Notes
Turn   | Place    | Note
-------+----------+-------------------------------------------
     0 | D:1      | Silvore the Minotaur Fighter began the quest for the Orb.
     0 | D:1      | Reached XP level 1. HP: 19/19 MP: 0/0
   196 | D:1      | Reached XP level 2. HP: 27/27 MP: 1/1
   622 | D:1      | Reached skill level 3 in Axes
   830 | D:1      | Reached XP level 3. HP: 33/33 MP: 2/2
  1190 | D:2      | Reached XP level 4. HP: 40/40 MP: 3/3
  1222 | D:2      | Found a faded altar of an unknown god.
  1481 | D:2      | Found Aguudin's General Store.
  1639 | D:2      | Noticed Jessica
  1643 | D:2      | Killed Jessica
  1644 | D:2      | Reached skill level 4 in Axes
  2140 | D:3      | Reached XP level 5. HP: 24/47 MP: 4/4
  2588 | D:3      | Reached skill level 5 in Axes
  3064 | D:4      | Noticed a black bear
  3070 | D:4      | Killed a black bear
  3071 | D:4      | Reached XP level 6. HP: 45/53 MP: 5/5
  3108 | D:4      | Reached skill level 6 in Axes
  3118 | D:4      | Reached skill level 1 in Dodging
  3289 | D:4      | Found a bloodstained altar of Trog.
  3458 | D:4      | Reached skill level 5 in Fighting
  3458 | D:4      | Reached skill level 5 in Shields
  3542 | D:4      | Reached XP level 7. HP: 54/61 MP: 6/6
  3588 | D:4      | Noticed Ijyb
  3594 | D:4      | Paralysed by Ijyb for 2 turns
  3598 | D:4      | Paralysed by Ijyb for 3 turns
  3604 | D:4      | Killed Ijyb
  3605 | D:4      | Reached skill level 7 in Axes
  3713 | D:4      | Found a bloodstained altar of Trog.
  3975 | D:4      | Found a staircase to the Ecumenical Temple.
  3993 | D:4      | Reached skill level 5 in Armour
  4003 | Temple   | Entered the Ecumenical Temple
  4020 | Temple   | Became a worshipper of Warmaster Okawaru
  4152 | D:4      | HP: 2/61 [gnoll/+0 halberd[a gnoll bouda] (3)]
  4155 | D:4      | Slain by a gnoll

Illustrated notes

Levels and vault maps discovered:
D:1:      minmay_arrival_glassed_features, layout_basic
D:2:      minmay_thinvault, layout_basic, serial_shops,
          nicolae_shop_just_a_little_nook, hellmonk_ecumenical_altar_blasted,
          uniq_jessica
D:3:      layout_basic
D:4:      layout_basic, trog_antimagical, mainiacjoe_overflow_divided_tiny,
          minmay_temple_entry_junction, minmay_ruined_shrine, uniq_ijyb
Temple:   minmay_freezing_vapour_temple

Skill      XL: |  1  2  3  4  5  6  7 |
---------------+----------------------+-----
Fighting       | 4 5 |  5.3
Shields        | 4 5 |  5.0
Armour         | 4 5 |  5.3
Axes           | 3 4 5 6 7 |  7.7
Dodging        | 1 |  1.2

Action                     |  1- 3 |  4- 6 |  7- 9 || total
---------------------------+-------+-------+-------++-------
  Melee: War axe           |    87 |   144 |    71 ||   302
         Headbutt          |    10 |    16 |    11 ||    37
    Use: Scroll            |     3 |     6 |       ||     9
         Potion            |       |     1 |     2 ||     3
 Armour: Scale mail        |    14 |       |       ||    14
         Chain mail        |    44 |   116 |    65 ||   225
  Dodge: Dodged            |    40 |    49 |    21 ||   110
  Block: Buckler           |    23 |    39 |    13 ||    75
